 Dungeon Crawl Stone Soup version 0.19-a0-54-g5421d7e (webtiles) character file.

21 Brrr the Digger (level 2, 0/15 HPs)
             Began as a Gargoyle Earth Elementalist on May 8, 2016.
             Slain by a ball python (2 damage)
             ... on level 1 of the Dungeon.
             The game lasted 00:02:36 (988 turns).

Brrr the Digger (Gargoyle Earth Elementalist)        Turns: 988, Time: 00:02:37

Health: 0/15       AC:  4    Str: 11    XL:     2   Next: 87%
Magic:  2/5        EV: 12    Int: 15    God:
Gold:   85         SH:  0    Dex: 10    Spells: 1 memorised, 5 levels left

rFire  . . .     SeeInvis .     b - 11 stones
rCold  . . .     Gourm    .     a - +0 robe
rNeg   + . .     Faith    .     (no shield)
rPois  ∞         Spirit   .     (no helmet)
rElec  +         Dismiss  .     (no cloak)
rCorr  .         Reflect  .     (no gloves)
SustAt .         Harm     .     (no boots)
MR     .....                    (no amulet)
Stlth  ++........               (no ring)
                                (no ring)

@: not resistant to hostile enchantments, unstealthy
A: negative energy resistance 1, electricity resistance, unbreathing,
petrification resistance, rot immunity, AC +2
a: no special abilities


You were on level 1 of the Dungeon.
You were hungry.

You visited 1 branch of the dungeon, and saw 1 of its levels.

You collected 85 gold pieces.

Inventory:

Hand Weapons
 e - a +0 club
 h - a cursed -2 dagger
Missiles
 b - 11 stones (in hand)
Armour
 a - a +0 robe (worn)
Scrolls
 f - 2 scrolls of identify {unknown}
 g - a scroll of amnesia {unknown}
 k - a scroll of teleportation {unknown}
Potions
 j - a potion of heal wounds {unknown}
Books
 c - a book of Geomancy

   Spells                             Type                      Level
   a - Sandblast                      Earth                        1
   b - Passwall                       Transmutation/Earth          2
   c - Stone Arrow                    Conjuration/Earth            3
   d - Petrify                        Transmutation/Earth          4
   e - Lee's Rapid Deconstruction     Earth                        5
Comestibles
 d - a bread ration
 i - a chunk of flesh


   Skills:
 - Level 1.5 Dodging
 - Level 2.1 Stealth
 * Level 2.7 Spellcasting
   Level 0.7 Transmutations
 + Level 4.1 Earth Magic


You had 5 spell levels left.
You knew the following spells:

 Your Spells              Type           Power        Failure   Level  Hunger
a - Sandblast             Erth           ##....       4%          1    #......


Dungeon Overview and Level Annotations

Branches:
Dungeon (1/15)

Altars:


Innate Abilities, Weirdness & Mutations

You are resistant to torment.
Your stone body is resilient (AC +2).
You are immune to poison.
You resist negative energy.
You are resistant to electric shocks.
You can survive without breathing.
You are immune to petrification.
You are immune to rotting.


Message History

Press: ? - help, Shift-Dir - straight line, f - hobgoblin
Aim: a hobgoblin, wielding a club (heavily wounded)
The rocky blast misses the hobgoblin.
The hobgoblin closely misses you.
Casting: Sandblast
Confirm with . or Enter, or press ? or * to list all spells.
Aiming: Sandblast
Press: ? - help, Shift-Dir - straight line, f/p - hobgoblin
Aim: a hobgoblin, wielding a club (heavily wounded)
The rocky blast hits the hobgoblin.
You kill the hobgoblin!
You are feeling hungry.
The goblin misses you.
Casting: Sandblast
Confirm with . or Enter, or press ? or * to list all spells.
Aiming: Sandblast
Press: ? - help, Shift-Dir - straight line, f - goblin
Aim: a goblin (severely wounded)
The rocky blast misses the goblin.
The ball python barely misses you. x2
The goblin closely misses you. The ball python bites you.
You die...

.. ..# #..# #.# .
###..# #%# #....#
#..#####.#.#
..........#####
.#.###...........
..........g.#
.########.#@##
###)#S.# #.g....#
....##≈≈#+.######.
...#....#......(.
.....≈....≈.#######
..?.≈.⌠..≈....# #.
....≈....≈.##.# #.
....#....#.##.###


You could see a goblin and a ball python.

Vanquished Creatures
  A dart slug (D:1)
  3 bats (D:1)
  2 goblins (D:1)
  3 hobgoblins (D:1)
  2 jackals (D:1)
  2 ball pythons (D:1)
  3 giant newts (D:1)
  2 kobolds (D:1)
  2 rats (D:1)
20 creatures vanquished.

Notes
Turn   | Place    | Note
--------------------------------------------------------------
     0 | D:1      | Brrr the Gargoyle Earth Elementalist began the quest for the Orb.
     0 | D:1      | Reached XP level 1. HP: 10/10 MP: 3/3
   122 | D:1      | Reached XP level 2. HP: 10/15 MP: 5/5
   435 | D:1      | Reached skill level 4 in Earth Magic
   988 | D:1      | Slain by a ball python

Vault maps used:
D:1:      dpeg_arrival_rooms_with_view

Skill      XL: |  1  2 |
---------------+-------+-----
Earth Magic    | 4 |  4.1
Dodging        | |  1.5
Stealth        | |  2.1
Spellcasting   | |  2.7
Transmutations | |  0.7

Action                   || total
-------------------------++-------
Melee: Club              ||    73
 Cast: Sandblast         ||    12
 Stab: Sleeping          ||     1
Armor: Robe              ||    41
Dodge: Dodged            ||    72
